 Dungeon Crawl Stone Soup version 0.21-a0-221-gfe971b9 (webtiles) character file.

40946 miernota the Severer (level 13, -10/117 HPs)
             Began as a Minotaur Berserker on Aug 27, 2017.
             Was a High Priest of Trog.
             Killed from afar by an oklob plant (12 damage)
             ... with a splash of acid
             ... on level 4 of the Lair of Beasts.
             The game lasted 00:58:12 (15941 turns).

miernota the Severer (Minotaur Berserker)          Turns: 15941, Time: 00:58:13

Health: -10/117    AC:  4    Str: 21    XL:     13   Next: 77%
Magic:  0/16       EV: 15    Int:  4    God:    Trog [*****.]
Gold:   1202       SH: 13    Dex: 18    Spells: 12/12 levels left

rFire    . . .     SeeInvis .   u - +2 war axe (elec)
rCold    . . .     Gourm    .   L - +0 shield
rNeg     . . .     Faith    .   t - +0 plate armour
rPois    .         Spirit   +   g - +0 hat {MR+}
rElec    .         Reflect  .   m - +0 cloak
rCorr    .         Harm     .   K - +2 pair of gloves
MR       +....                  (no boots)
Stlth    ..........             j - amulet of guardian spirit
HPRegen  0.29/turn              M - +2 ring of dexterity
MPRegen  0.15/turn              J - +3 ring of evasion

@: corroded, invisible
A: retaliatory headbutt, horns 2
a: Berserk, Trog's Hand, Brothers in Arms, Burn Spellbooks, Renounce Religion


You were on level 4 of the Lair of Beasts.
You worshipped Trog.
Trog was extremely pleased with you.
You were near starving.

You visited 2 branches of the dungeon, and saw 15 of its levels.
You also visited: Sewer, Ossuary and Volcano.

You collected 1286 gold pieces.
You spent 84 gold pieces at shops.

Inventory:

Hand Weapons
 u - a +2 war axe of electrocution (weapon)
 x - a +2 war axe of venom
 C - a +4 war axe of venom
 W - the +6 flail "Anasar" {venom, +Rage Str+3}
   (You found it on level 11 of the Dungeon)

   It poisons the flesh of those it strikes.
   It affects your strength (+3).
   It lets you go berserk.
Armour
 g - a +0 hat of magic resistance (worn)
 m - a +0 cloak (worn)
 t - a +0 plate armour (worn)
 K - a +2 pair of gloves (worn)
 L - a +0 shield (worn)
Jewellery
 b - a +3 ring of intelligence
 j - an amulet of guardian spirit (around neck)
 D - an uncursed ring of ice
 J - a +3 ring of evasion (right hand)
 M - a +2 ring of dexterity (left hand)
Wands
 y - a wand of digging (13/24)
 B - a wand of flame (13/48)
 I - a wand of paralysis (12/24)
 R - a wand of clouds (6/9)
 V - a wand of acid (8/15)
Scrolls
 a - 3 scrolls of fear
 f - 9 scrolls of teleportation
 h - 3 scrolls of enchant armour {unknown}
 i - 6 scrolls of remove curse
 k - 2 scrolls of identify
 n - 3 scrolls of recharging {unknown}
 p - a scroll of enchant weapon
 r - 2 scrolls of magic mapping
 s - 2 scrolls of blinking
Potions
 d - 7 potions of heal wounds
 e - 3 potions of flight
 q - 10 potions of lignification
 v - 2 potions of ambrosia
 w - 6 potions of haste
 z - 2 potions of might
 A - 4 potions of brilliance
 E - 5 potions of curing
 G - 2 potions of mutation
 H - a potion of agility
 O - 2 potions of invisibility
 P - a potion of resistance {unknown}
 T - a potion of cancellation
Miscellaneous
 F - a lightning rod (4/4)
 Q - a lamp of fire
Comestibles
 c - 17 bread rations
 l - 7 meat rations
 o - 24 fruits
 N - 3 royal jellies


   Skills:
 + Level 11.9 Fighting
 * Level 15.7 Axes
 + Level 11.9 Armour
 + Level 10.9 Dodging
 + Level 10.8 Shields
 + Level 5.5 Evocations


You had 12 spell levels left.
You didn't know any spells.

Dungeon Overview and Level Annotations

Branches:
Dungeon (11/15)            Temple (0/1) D:7            Lair (4/6) D:9
 Shoals (0/4) Lair:4       Spider (0/4) Lair:2          Orc (0/2) D:10

Altars:
Gozag
Qazlal
Ru
Uskayaw

Shops:
D:6 *   D:8 :   D:9 *

Portals:
Trove: D:11 (give manual of Necromancy)

Annotations:
Lair:4 exclusion: 3 oklob plants


Innate Abilities, Weirdness & Mutations

You reflexively headbutt those who attack you in melee.
You have a pair of horns on your head.


Message History

* * * LOW HITPOINT WARNING * * *
The acid corrodes you!
You are splashed with acid!
The acid burns!
* * * LOW HITPOINT WARNING * * *
You feel much better. The oklob plant spits acid at you.
The splash of acid hits you!
You are splashed with acid!
The acid burns!
The oklob plant spits acid at you. The splash of acid hits you!
* * * LOW HITPOINT WARNING * * *
You are splashed with acid!
The acid burns!
* * * LOW HITPOINT WARNING * * *
The oklob plant spits acid at you. The splash of acid hits you!
* * * LOW HITPOINT WARNING * * *
The acid corrodes you!
You are splashed with acid!
The acid burns!
* * * LOW HITPOINT WARNING * * *
You fade into invisibility!
The oklob plant spits acid at you. The splash of acid hits you!
You die...

..........P#
#..........#
#........###
.#.....#.# ##
......#.## ##.
......######.##
......##...#..######
#.P...........P=PP.#
###...#..#P....[@.[#
.#.....#####..P!)$?#
......## #..P.$P$#
......# #..######
......## ####
.......## ......#.#
....<..## .......#


You could see 3 oklob plants.

Vanquished Creatures
  Gastronok (Lair:1)
  A fire dragon (Volcano)
  A hydra (Lair:3)
  The ghost of tidbits the Martial Artist, a journeyman DgTm (Lair:2)
  9 two-headed ogres
  Erica (Lair:1)
  2 centaur warriors
  6 death yaks (Lair:4)
  A tengu warrior (D:10)
  The ghost of Gorglomux the Skirmisher, a novice OpSk of Okawaru (D:7)
  Pikel (D:7)
  A deep elf mage (D:10)
  A cyclops (D:10)
  A manticore (D:10)
  3 salamanders (Volcano)
  A black mamba (Lair:2)
  A centaur zombie (D:10)
  Maurice (D:11)
  A merfolk siren (Lair:4)
  A torpor snail (Lair:2)
  A gargoyle (D:10)
  6 spiny frogs
  A rime drake (Lair:4)
  2 komodo dragons
  3 jumping spiders (Lair:2)
  A troll (D:10)
  A merfolk (Lair:4)
  A jumping spider (shapeshifter) (D:10)
  6 hippogriffs
  A meliai zombie (D:9)
  A shadow (D:10)
  Sigmund (D:4)
  A redback (Lair:2)
  20 yaks
  3 basilisks
  8 wyverns
  5 fire bats (Volcano)
  2 wraiths
  3 steam dragons (Volcano)
  The ghost of p0werm0de the Magician, an amateur DrWz (D:5)
  Duvessa (D:6)
  6 porcupines
  6 water moccasins
  4 sky beasts
  A black bear (D:5)
  An ice beast (D:11)
  5 orc warriors
  An eye of draining (D:10)
  10 ogres
  2 phantoms
  2 necrophages (D:10)
  6 centaurs
  13 crocodiles
  3 big kobolds
  10 bullfrogs
  A gnoll sergeant (D:10)
  3 scorpions
  Dowan (D:6)
  7 killer bees
  2 howler monkeys (D:9)
  9 wights
  An electric eel (Lair:4)
  2 crimson imps
  A bullfrog zombie (D:11)
  5 hounds
  5 jellies
  3 bullfrog skeletons
  2 centaur skeletons (D:10)
  12 orc wizards
  9 orc priests
  A gnoll shaman (D:10)
  Natasha (D:3)
  An iguana (D:10)
  10 worker ants
  2 hound skeletons
  14 mummies (Ossuary)
  15 gnolls
  12 adders
  3 river rats (Sewer)
  4 shadow imps
  4 worms
  3 dart slugs
  6 leopard geckos
  37 orcs
  4 ball pythons (D:5)
  4 giant cockroaches
  7 goblins
  6 hobgoblins
  22 jackals
  17 kobolds
  2 quokkas
  8 bats
  3 frilled lizards
  2 gnoll skeletons (Ossuary)
  A goblin skeleton (Ossuary)
  A kobold skeleton (Ossuary)
  4 orc skeletons (Ossuary)
  8 rats
  11 rat skeletons (Ossuary)
  3 fungi
  11 plants
465 creatures vanquished.

Vanquished Creatures (others)
  A steam dragon (Volcano)
  A jelly (D:7)
  An iguana (D:7)
  2 fungi (Lair:3)
  18 plants
23 creatures vanquished.

Grand Total: 488 creatures vanquished

Notes
Turn   | Place    | Note
-------+----------+-------------------------------------------
     0 | D:1      | miernota the Minotaur Berserker began the quest for the Orb.
     0 | D:1      | Reached XP level 1. HP: 19/19 MP: 0/0
    48 | D:1      | Reached XP level 2. HP: 25/27 MP: 1/1
   232 | D:1      | Reached skill level 4 in Axes
   402 | D:1      | Reached ** piety under Trog
   527 | D:1      | Reached XP level 3. HP: 33/33 MP: 2/2
  1440 | D:3      | Reached XP level 4. HP: 40/40 MP: 3/3
  1631 | D:3      | Found a sacrificial altar of Ru.
  1963 | D:3      | Reached *** piety under Trog
  2161 | D:3      | Reached skill level 5 in Axes
  2196 | D:3      | Noticed Natasha
  2204 | D:3      | Killed Natasha
  2395 | D:4      | Reached XP level 5. HP: 35/47 MP: 4/4
  2755 | D:4      | Reached skill level 6 in Axes
  2841 | D:4      | Reached XP level 6. HP: 53/53 MP: 5/5
  2931 | D:4      | Noticed Sigmund
  2935 | D:4      | Killed Sigmund
  2935 | D:4      | Reached skill level 5 in Fighting
  3034 | D:4      | Reached XP level 7. HP: 40/61 MP: 6/6
  3096 | D:4      | Reached skill level 7 in Axes
  3146 | D:4      | Reached **** piety under Trog
  3516 | D:5      | Entered Level 5 of the Dungeon
  3517 | D:5      | Found a glowing drain.
  3560 | Sewer    | Entered a sewer
  3674 | Sewer    | Reached skill level 5 in Armour
  3694 | Sewer    | Found a glowing silver altar of Zin.
  3783 | D:5      | Noticed p0werm0de's ghost (amateur DrWz)
  3800 | D:5      | Killed p0werm0de's ghost
  3800 | D:5      | Reached skill level 8 in Axes
  3815 | D:5      | Noticed a hand axe
  3822 | D:5      | Found a hide-covered altar of Uskayaw.
  3822 | D:5      | Noticed a hand axe
  3847 | D:5      | Reached skill level 5 in Dodging
  3847 | D:5      | Reached XP level 8. HP: 70/70 MP: 7/7
  3960 | D:5      | Received a gift from Trog
  3976 | D:5      | Found an opulent altar of Gozag.
  4522 | D:5      | Reached skill level 9 in Axes
  5068 | D:6      | Found Boamn's Assorted Antiques.
  5073 | D:6      | Bought a scroll labeled USTUBLIFIA for 21 gold pieces
  5073 | D:6      | Bought a scroll labeled MIRIRCH HOUCI for 21 gold pieces
  5073 | D:6      | Bought a scroll of identify for 42 gold pieces
  5452 | D:6      | Reached XP level 9. HP: 71/79 MP: 8/8
  5904 | D:6      | Noticed Dowan
  5906 | D:6      | Noticed Duvessa
  5908 | D:6      | Killed Dowan
  5908 | D:6      | Reached skill level 10 in Axes
  5912 | D:6      | Killed Duvessa
  6202 | D:7      | Found a sand-covered staircase.
  6210 | Ossuary  | Entered an ossuary
  6322 | Ossuary  | Reached ***** piety under Trog
  6390 | Ossuary  | Reached skill level 1 in Shields
  6502 | Ossuary  | Received a gift from Trog
  6624 | D:7      | Found a staircase to the Ecumenical Temple.
  6625 | D:7      | Noticed Pikel
  6641 | D:7      | Killed Pikel
  6868 | D:7      | Noticed Gorglomux's ghost (novice OpSk)
  7138 | D:7      | Killed Gorglomux's ghost
  7138 | D:7      | Reached skill level 5 in Shields
  7138 | D:7      | Reached XP level 10. HP: 47/88 MP: 9/9
  7844 | D:8      | Reached skill level 11 in Axes
  7866 | D:8      | Got a transparent trident
  8109 | D:8      | Identified the cursed +1 trident of Azagoice {venom, Int+3} (You found it on level 8 of the Dungeon)
  8137 | D:8      | Found Piurur's Book Shop.
  8259 | D:8      | Noticed a two-headed ogre
  8275 | D:8      | Killed a two-headed ogre
  9501 | D:9      | Reached XP level 11. HP: 97/97 MP: 10/10
  9566 | D:9      | Found a staircase to the Lair.
  9570 | D:9      | Reached skill level 12 in Axes
  9969 | D:9      | Found Jelyps's General Store.
 10018 | D:10     | Entered Level 10 of the Dungeon
 10024 | D:10     | Noticed a two-headed ogre
 10029 | D:10     | Killed a two-headed ogre
 10169 | D:10     | Reached skill level 1 in Evocations
 10279 | D:10     | Found a staircase to the Orcish Mines.
 10333 | D:10     | Received a gift from Trog
 10488 | D:10     | Noticed a two-headed ogre
 10488 | D:10     | Noticed a centaur warrior
 10489 | D:10     | Noticed a deep elf mage
 10489 | D:10     | Noticed a tengu warrior
 10497 | D:10     | Killed a centaur warrior
 10504 | D:10     | Killed a two-headed ogre
 10504 | D:10     | Reached skill level 10 in Fighting
 10511 | D:10     | Killed a deep elf mage
 10516 | D:10     | Killed a tengu warrior
 10516 | D:10     | Reached skill level 13 in Axes
 10516 | D:10     | Reached skill level 10 in Armour
 11107 | D:10     | Found a stormy altar of Qazlal.
 11351 | D:11     | Noticed a two-headed ogre
 11357 | D:11     | Killed a two-headed ogre
 11357 | D:11     | Reached XP level 12. HP: 72/107 MP: 13/13
 11488 | D:11     | Found a portal to a secret trove of treasure.
 11512 | D:11     | Noticed Maurice
 11530 | D:11     | Killed Maurice
 11769 | D:11     | Got a pitted flail
 11804 | D:11     | Noticed a centaur warrior
 11822 | D:11     | Killed a centaur warrior
 12349 | Lair:1   | Entered Level 1 of the Lair of Beasts
 12396 | Lair:1   | Found a dark tunnel.
 12407 | Volcano  | Entered a volcano
 12421 | Volcano  | Noticed a two-headed ogre
 12421 | Volcano  | Noticed a two-headed ogre
 12428 | Volcano  | Killed a two-headed ogre
 12439 | Volcano  | Killed a two-headed ogre
 12684 | Volcano  | Noticed a two-headed ogre
 12696 | Volcano  | Killed a two-headed ogre
 12696 | Volcano  | Reached skill level 14 in Axes
 12738 | Volcano  | Noticed a two-headed ogre
 12747 | Volcano  | Killed a two-headed ogre
 12805 | Volcano  | Noticed a two-headed ogre
 12812 | Volcano  | Killed a two-headed ogre
 12812 | Volcano  | Reached skill level 10 in Dodging
 12870 | Volcano  | Noticed a fire dragon
 12885 | Volcano  | Killed a fire dragon
 13345 | D:8      | Identified the +6 flail "Anasar" {venom, +Rage Str+3} (You found it on level 11 of the Dungeon)
 13508 | Lair:1   | Noticed Erica
 13518 | Lair:1   | Killed Erica
 13520 | Lair:1   | Noticed Gastronok
 13535 | Lair:1   | Killed Gastronok
 13632 | Lair:1   | Reached XP level 13. HP: 116/116 MP: 15/15
 13929 | Lair:2   | Found a hole to the Spider Nest.
 14112 | Lair:2   | Reached skill level 15 in Axes
 14152 | Lair:2   | Noticed tidbits's ghost (journeyman DgTm)
 14230 | Lair:2   | Killed tidbits's ghost
 14230 | Lair:2   | Reached skill level 10 in Shields
 14962 | Lair:3   | Reached skill level 5 in Evocations
 15834 | Lair:4   | Found a staircase to the Shoals.
 15841 | Lair:4   | Received a gift from Trog
 15940 | Lair:4   | HP: 1/117 [acid (7)]
 15941 | Lair:4   | Killed from afar by an oklob plant

Vault maps used:
D:1:      grunt_arrival_lava_bath, minmay_stone_trees_medium
D:2:      small_statue_intersection
D:3:      nicolae_ru_sacrificial_ziggurat, uniq_natasha
D:4:      first_bread, uniq_sigmund
D:5:      dancing_weapons_uskayaw, serial_bayou, serial_bayou_shore_a,
          serial_bayou_pond_c, serial_bayou_pond_e, serial_bayou_lagoon_b,
          portal_sewer_entry_a, grunt_gozag_breadcrumbs
D:6:      serial_shops, shop, uniq_duvessa
D:7:      minmay_temple_entry_statues_fountains, serial_glass, glass_columns_b,
          glass_columns_b, chequers_ossuary_entry_cave, uniq_pikel
D:8:      serial_shops, shop
D:9:      grunt_lair_entry_orc_guard_hut, serial_shops,
          nicolae_shop_behind_doors, grunt_ogre_cave,
          minmay_misc_feat_four_crosses, minivault_22
D:10:     minmay_the_grid_octo_2x2, grunt_qazlal_clouds
D:11:     nicolae_trove_entry_crossroad, uniq_maurice
Lair:1:   enter_volcano_1, grunt_megastairs_5, uniq_erica, uniq_gastronok
Lair:2:   spider_nest_entry_a
Lair:4:   elwin_shoals_entry_rooms, lemuel_fruit_fields, lemuel_fruit_fields,
          minmay_lair_oklob_chamber
Sewer:    sewer_kobolds
Ossuary:  ossuary_due_small_catacomb
Volcano:  pf_volcano_lost_world

Skill      XL: |  1  2  3  4  5  6  7  8  9 10 11 12 13 |
---------------+----------------------------------------+-----
Axes           | 4 5 6 8 9 10 11 13 14 15 | 15.7
Armour         | 3 4 5 6 7 9 10 11 | 11.9
Fighting       | 4 5 6 7 8 9 10 11 | 11.9
Dodging        | 3 4 5 6 7 8 9 10 | 10.9
Shields        | 5 7 8 9 10 | 10.8
Evocations     | 2 4 5 |  5.5

Action                   |  1- 3 |  4- 6 |  7- 9 | 10-12 | 13-15 || total
-------------------------+-------+-------+-------+-------+-------++-------
Melee: Hand axe          |    71 |   114 |    27 |       |       ||   212
       Headbutt          |    10 |    26 |    86 |   135 |    72 ||   329
       War axe           |       |       |   318 |   524 |   255 ||  1097
       Flail             |       |       |       |     6 |    12 ||    18
Invok: Berserk           |       |     1 |     4 |    10 |     1 ||    16
       Burn Spellbooks   |       |       |     1 |     2 |       ||     3
       Trog's Hand       |       |       |       |     7 |     1 ||     8
       Brothers in Arms  |       |       |       |     2 |       ||     2
Evoke: Wand              |       |       |     1 |     1 |       ||     2
  Use: Scroll            |       |       |    11 |    20 |       ||    31
       Potion            |       |       |     1 |       |     2 ||     3
 Stab: Distracted        |       |       |       |     1 |       ||     1
  Eat: Chunk             |     1 |     7 |    11 |    18 |     7 ||    44
       Bread ration      |       |       |     1 |     2 |       ||     3
       Royal jelly       |       |       |       |     2 |       ||     2
       Meat ration       |       |       |       |     1 |       ||     1
Armor: Animal skin       |    10 |       |       |       |       ||    10
       Scale mail        |    37 |    20 |       |       |       ||    57
       Chain mail        |       |    20 |   137 |    24 |       ||   181
       Plate armour      |       |       |       |   170 |    72 ||   242
Dodge: Dodged            |    44 |    54 |   142 |   226 |    75 ||   541
Block: Buckler           |       |       |    24 |    61 |       ||    85
       Shield            |       |       |       |   151 |   125 ||   276

Table legend:
 A = Spawn XP
 B = Non-spawn XP
 C = Spawn XP percentage of total XP
 D = Spawn monster count
 E = Non-spawn monster count
 F = Spawn count percentage of total count
 G = Total turns spent on level
                    A         B        C        D         E        F      G
               +---------+---------+-------+---------+---------+-------+---------
         Total |    3862 |   54633 |   6.6 |      34 |     415 |   7.6 | 15941
               +---------+---------+-------+---------+---------+-------+---------
           D:1 |       2 |      43 |   4.4 |       1 |      21 |   4.5 |   798
           D:2 |       2 |      37 |   5.1 |       1 |      15 |   6.2 |   627
           D:3 |      15 |      77 |  16.3 |       5 |      15 |  25.0 |   948
           D:4 |     123 |     748 |  14.1 |       3 |      29 |   9.4 |  1143
           D:5 |     134 |     803 |  14.3 |       5 |      26 |  16.1 |  1110
           D:6 |     113 |    1110 |   9.2 |       2 |      21 |   8.7 |  1538
           D:7 |      56 |    2176 |   2.5 |       1 |      18 |   5.3 |   835
           D:8 |    1110 |    1667 |  40.0 |       4 |      45 |   8.2 |  1366
           D:9 |     217 |    3144 |   6.5 |       5 |      31 |  13.9 |  1267
          D:10 |       0 |    9217 |   0.0 |       0 |      52 |   0.0 |  1282
          D:11 |    1140 |    1762 |  39.3 |       2 |       7 |  22.2 |  1024
        Lair:1 |     103 |    4454 |   2.3 |       1 |      11 |   8.3 |   489
        Lair:2 |       0 |    6717 |   0.0 |       0 |      24 |   0.0 |   615
        Lair:3 |     593 |    4681 |  11.2 |       2 |      18 |  10.0 |   703
        Lair:4 |     254 |    7966 |   3.1 |       2 |      17 |  10.5 |   783
         Sewer |       0 |     150 |   0.0 |       0 |       8 |   0.0 |   204
       Ossuary |       0 |     266 |   0.0 |       0 |      31 |   0.0 |   386
       Volcano |       0 |    9615 |   0.0 |       0 |      26 |   0.0 |   823
               +---------+---------+-------+---------+---------+-------+---------
